 Dungeon Crawl Stone Soup version 0.28-a0-1616-g050a50673c (webtiles) character file.

Game seed: 11900057864196925401

394 tatocazan the Covert (level 6, -2/39 HPs)
             Began as an Octopode Brigand on Jan 22, 2022.
             Slain by a scorpion (4 damage)
             ... on level 4 of the Dungeon.
             The game lasted 00:03:55 (4326 turns).

tatocazan the Covert (Octopode Brigand)             Turns: 4326, Time: 00:03:56

Health: -2/39      AC:  1    Str: 10    XL:     6   Next: 82%
Magic:  6/6        EV: 13    Int: 13    God:
Gold:   110        SH:  0    Dex: 16    Spells: 5/5 levels left

rFire   . . .      SeeInvis .   a - +2 dagger
rCold   . . .      Faith    .   (no shield)
rNeg    . . .      Spirit   .   (helmet restricted)
rPois   .          Reflect  .   (no amulet)
rElec   .          Harm     .   (no ring)
rCorr   .          Rampage  .   (no ring)
Will    .....                   (no ring)
Stlth   +++++.....              (no ring)
HPRegen 0.13/turn               (no ring)
MPRegen 0.10/turn               (no ring)
                                (no ring)
                                (no ring)

@: lethally poisoned (-2 -> -12), attractive
A: almost no armour, amphibious, 8 rings, camouflage 1, gelatinous body 1,
(nimble swimmer 1), tentacles
a: no special abilities


You were on level 4 of the Dungeon.
You visited 1 branch of the dungeon, and saw 4 of its levels.

You collected 110 gold pieces.

Inventory:

Hand Weapons
 a - a +2 dagger (weapon)
Missiles
 b - 16 poisoned darts (quivered)
 c - 2 curare-tipped darts
Jewellery
 t - a ring of ice
Wands
 n - a wand of polymorph (9)
Scrolls
 d - a scroll of fear {unknown}
 e - a scroll of vulnerability {unknown}
 f - 2 scrolls of teleportation {unknown}
 g - a scroll of magic mapping {unknown}
 h - 2 scrolls of identify {unknown}
 i - a scroll of enchant armour {unknown}
 l - 2 scrolls of fog {unknown}
 m - a scroll of amnesia {unknown}
 p - a scroll of silence {unknown}
 q - 2 scrolls of immolation {unknown}
 r - a scroll of holy word {unknown}
Potions
 j - a potion of attraction
 k - 2 potions of haste {unknown}
 o - a potion of brilliance {unknown}
 s - a potion of heal wounds {unknown}


   Skills:
 - Level 2.0 Fighting
 * Level 5.1 Short Blades
 - Level 2.0 Throwing
 - Level 1.0 Dodging
 * Level 8.7 Stealth


You had 5 spell levels left.
You didn't know any spells.
Your spell library contained the following spells:

 Spells                   Type           Power      Damage    Failure   Level
 Ensorcelled Hibernation  Hex/Ice        0%         N/A       43%         2
 Passwall                 Tmut/Erth      0%         N/A       43%         2
 Swiftness                Air            0%         N/A       67%         3
 Summon Ice Beast         Ice/Summ       0%         N/A       97%         4
 Blade Hands              Tmut           0%         N/A       100%        5
 Summon Mana Viper        Hex/Summ       0%         N/A       100%        5
 Iron Shot                Conj/Erth      0%         9d1       100%        6
 Monstrous Menagerie      Summ           0%         N/A       100%        7
 Animate Armour           Summ/Erth      Unusable   N/A       N/A         4

Dungeon Overview and Level Annotations

Branches:
Dungeon (4/15)
 Temple: D:4-7

Altars:

Shops:
D:1 (


Innate Abilities, Weirdness & Mutations

You cannot wear most types of armour.
You are amphibious.
You can wear up to eight rings at the same time.
Your skin changes colour to match your surroundings (Stealth+).
Your rubbery body absorbs attacks. (AC +1, EV +1)
((You are camouflaged when in or above water. (Stealth+)))
You have tentacles for arms and can constrict up to eight enemies at once.


Message History

You take 9 damage, and have 15/39 hp.
MASSIVE DAMAGE!!
You are too injured to fight recklessly!
You are too injured to fight recklessly!
You are too injured to fight recklessly!
You are too injured to fight recklessly!
You are too injured to fight recklessly!
You are too injured to fight recklessly!
You are too injured to fight recklessly!
You are too injured to fight recklessly!
You are too injured to fight recklessly!
You are too injured to fight recklessly!
You are too injured to fight recklessly!
You are too injured to fight recklessly!
You are too injured to fight recklessly!
You are too injured to fight recklessly!
You are too injured to fight recklessly!
You are too injured to fight recklessly!
There is a lethal amount of poison in your body!
You hit the scorpion.
The scorpion is heavily wounded.
You constrict the scorpion.
* * * LOW HITPOINT WARNING * * *
You feel very sick. The scorpion closely misses you.
You take 4 damage, and have 11/39 hp.
You hit the scorpion.
The scorpion is severely wounded.
You constrict the scorpion, but do no damage.
* * * LOW HITPOINT WARNING * * *
You feel sick.
You take 2 damage, and have 9/39 hp.
It was a potion of attraction.
You feel attractive to monsters.
You constrict the scorpion.
* * * LOW HITPOINT WARNING * * *
You feel very sick. The scorpion stings you.
* * * LOW HITPOINT WARNING * * *
The scorpion stings you.
You die...

############.......
#..................
.................#
.................# .##. #
.................# .....#
......###[......#####!. ..#
..######........###...##..#
..# ##<.######s.##.#.#?..#
..####..########@.........#
..#.(..##.........#.#†..#
#.......#..........†.†..#
###.###................[#
#..####................#
##.###..................#
.......#..^.#...........#
...######.....##......#.#
##..........####...$.##.#


You could see a scorpion.

Vanquished Creatures
  A water moccasin (D:3)
  2 hounds
  Jessica (D:3)
  Natasha (twice) (D:2)
  Robin (D:2)
  7 adders
  2 worms
  A dart slug (D:2)
  3 orcs (D:3)
  3 bats
  5 endoplasms
  3 giant cockroaches
  11 goblins
  10 hobgoblins
  2 kobolds
  6 quokkas
  2 ball pythons
  11 frilled lizards
  4 rats
77 creatures vanquished.

Vanquished Creatures (others)
  8 fungi (D:2)
  7 plants (D:2)
15 creatures vanquished.

Grand Total: 92 creatures vanquished

Notes
Turn   | Place    | Note
-------+----------+-------------------------------------------
     0 | D:1      | tatocazan the Octopode Brigand began the quest for the Orb.
     0 | D:1      | Reached XP level 1. HP: 14/14 MP: 1/1
   179 | D:1      | Reached XP level 2. HP: 19/19 MP: 2/2
   183 | D:1      | Found Etoofukh's Antique Weapon Boutique.
  1055 | D:2      | Noticed Robin
  1059 | D:2      | Reached skill level 6 in Stealth
  1098 | D:1      | Reached XP level 3. HP: 1/24 MP: 3/3
  1781 | D:2      | Found a faded altar of an unknown god.
  1793 | D:2      | Killed Robin
  1794 | D:2      | Reached XP level 4. HP: 6/29 MP: 4/4
  2776 | D:2      | Noticed Natasha
  2779 | D:2      | Killed Natasha
  2780 | D:2      | Reached skill level 7 in Stealth
  2780 | D:2      | Reached XP level 5. HP: 34/34 MP: 5/5
  3001 | D:2      | Noticed Natasha
  3020 | D:2      | Killed Natasha
  3149 | D:3      | Noticed Jessica
  3154 | D:3      | Killed Jessica
  3273 | D:3      | Reached XP level 6. HP: 39/39 MP: 6/6
  3495 | D:3      | Reached skill level 8 in Stealth
  3710 | D:3      | Noticed a water moccasin
  3713 | D:3      | Killed a water moccasin
  3714 | D:3      | Reached skill level 5 in Short Blades
  4326 | D:4      | Slain by a scorpion

Illustrated notes

Levels and vault maps discovered:
D:1:      dpeg_arrival_prison, layout_basic, serial_shops,
          nicolae_shop_hallway_stairs, serial_bayou_crossing
D:2:      layout_loops_ring, dreamdust_ecumenical_altar_grove,
          columned_hall_lemuel, hangedman_decor_opposing, moated_statue,
          minmay_lizard_pond, uniq_natasha, uniq_robin
D:3:      layout_loops_cross, minivault_5, uniq_jessica
D:4:      layout_rooms, temple_doors_e, grunt_ministairs_13

Skill      XL: |  1  2  3  4  5  6 |
---------------+-------------------+-----
Stealth        | 6 7 8 |  8.7
Short Blades   | 3 4 5 |  5.1
Fighting       | |  2.0
Throwing       | |  2.0
Dodging        | |  1.0

Action                   |  1- 3 |  4- 6 || total
-------------------------+-------+-------++-------
Melee: Dagger            |    49 |   128 ||   177
       Constrict         |    11 |    29 ||    40
       Tentacles         |     9 |    22 ||    31
       Punch             |     1 |       ||     1
Throw: Dart              |     4 |       ||     4
  Use: Potion            |       |     1 ||     1
 Stab: Sleeping          |    12 |    14 ||    26
Armor: Skin              |     1 |     7 ||     8
Dodge: Dodged            |    19 |    67 ||    86

Table legend: (Time is in decaauts)
 A = Elapsed time spent in this place.
 B = Non-inter-level travel time spent in this place.
 C = Inter-level travel time spent in this place.
 D = Time resting spent in this place.
 E = Time spent auto-exploring this place.
 F = Levels seen in this place.
 G = Mean time per level.
                   A        B        C        D        E       F      G
               +--------+--------+--------+--------+--------+-----+--------+
         Total |   4296 |   4212 |     84 |    927 |   2698 |   4 | 1074.0 |
       Dungeon |   4296 |   4212 |     84 |    927 |   2698 |   4 | 1074.0 |
               +--------+--------+--------+--------+--------+-----+--------+

Top non-repeatable levels by time:
     D:1: 1695 daAuts
     D:2: 1439 daAuts
     D:3: 955 daAuts
     D:4: 206 daAuts
